 Dungeon Crawl Stone Soup version 0.16-a0-3724-gf14d081 (webtiles) character file.

11349 oshikia the Martial Artist (level 11, -3/81 HPs)
             Began as a Demonspawn Monk on Jan 21, 2015.
             Was the Champion of Cheibriados.
             Slain by a spiny frog (12 damage)
             ... on level 2 of the Lair of Beasts.
             The game lasted 00:24:07 (12538 turns).

oshikia the Martial Artist (Demonspawn Monk)       Turns: 12538, Time: 00:24:07

Health: -3/81      AC: 17    Str: 25 (28) XL:     11   Next: 48%
Magic:  0/24       EV: 18    Int: 26      God:    Cheibriados [******]
Gold:   546        SH:  0    Dex: 28 (31) Spells: 1 memorised, 10 levels left

rFire  + . .     SeeInvis .       - Unarmed
rCold  . . .     Clarity  .     I - +1 robe {MR+}
rNeg   + . .     SustAb   .     (no shield)
rPois  .         Gourm    .     (no helmet)
rElec  .         Spirit   +     q - +0 cloak
rCorr  .         Warding  .     D - +2 pair of gloves
rMut   .         Stasis   .     (no boots)
MR     +....                    J - amulet of guardian spirit
Stlth  ++++......               E - ring of positive energy
                                h - +1 ring of strength

@: very slow, somewhat resistant to hostile enchantments, stealthy
A: hooves 1, rough black scales 3, deterioration 1, fire resistance 1,
nightstalker 1
a: Bend Time, Temporal Distortion, Slouch, Step From Time, Renounce Religion


You were on level 2 of the Lair of Beasts.
You worshipped Cheibriados.
Cheibriados was exalted by your worship.
You were very hungry.

You visited 3 branches of the dungeon, and saw 12 of its levels.

You collected 546 gold pieces.

Inventory:

Hand weapons
 e - a +7 dagger of freezing
Armour
 a - a +0 robe
 n - a +0 buckler
 q - a +0 cloak (worn)
 D - a +2 pair of gloves (worn)
 I - a +1 robe of magic resistance (worn)
Jewellery
 h - a +1 ring of strength (left hand)
 E - a ring of positive energy (right hand)
 J - an amulet of guardian spirit (around neck)
Magical devices
 i - a wand of frost (30)
 u - a wand of flame (18)
 F - a wand of flame (48)
 H - a wand of magic darts (10)
Scrolls
 c - 6 scrolls of identify
 g - 5 scrolls of remove curse
 m - 3 scrolls of enchant weapon
 v - a scroll of fear
Potions
 d - 4 potions of brilliance
 k - a potion of curing
 o - a potion of magic {unknown}
 p - 3 potions of agility
 s - 2 potions of cancellation
 t - 2 potions of restore abilities
 z - a potion of ambrosia
Books
 w - a book of Clouds

   Spells                             Type                      Level
   a - Mephitic Cloud                 Conjuration/Poison/Air       3
   b - Conjure Flame                  Conjuration/Fire             3
   c - Poisonous Cloud                Conjuration/Poison/Air       6
   d - Freezing Cloud                 Conjuration/Ice/Air          6
   e - Ring of Flames                 Charms/Fire                  7
 K - a Fen Folio

   Spells                             Type                      Level
   a - Corpse Rot                     Necromancy                   2
   b - Stone Arrow                    Conjuration/Earth            3
   c - Leda's Liquefaction            Hexes/Earth                  4
   d - Summon Forest                  Summoning/Translocation      5
   e - Hydra Form                     Transmutation                6
   f - Summon Hydra                   Summoning                    7
Comestibles
 b - 4 bread rations
 f - 2 fruits
 j - 4 beef jerkies
 l - 3 meat rations
 x - 2 slices of pizza


   Skills:
 - Level 6.0 Fighting
 - Level 5.3 Dodging
 - Level 1.7 Stealth
 - Level 11.0 Unarmed Combat
 - Level 3.4 Spellcasting
 * Level 8.6 Transmutations
 - Level 9.2 Invocations


You had 10 spell levels left.
You knew the following spells:

 Your Spells              Type           Power        Failure   Level  Hunger
a - Hydra Form            Trmt           #####.....   38%         6    #######


Dungeon Overview and Level Annotations

Branches:
Dungeon (9/15)             Temple (1/1) D:5            Lair (2/8) D:8
    Orc: D:9-12

Altars:
Ashenzari
Cheibriados
Dithmenos
Elyvilon
Fedhas
Gozag
Kikubaaqudgha
Makhleb
Nemelex Xobeh
Okawaru
Qazlal
Ru
Sif Muna
Trog
Vehumet
Xom
Yredelemnul
Zin
The Shining One

Shops:
D:8 (   D:9 (


Innate Abilities, Weirdness & Mutations

You are completely covered in rough black scales (AC +10, Dex -3).
Your flesh is heat resistant.
You are slightly more attuned to the shadows.
You have large cloven feet.
Your body is slowly deteriorating.


Message History

You hit the spiny frog. Your kick misses the spiny frog.
The spiny frog is heavily wounded.
The spiny frog closely misses you.
You barely miss the spiny frog.
You kick the spiny frog, but do no damage.
The spiny frog is heavily wounded.
The spiny frog misses you.
You punch the spiny frog!
You kick the spiny frog, but do no damage.
The spiny frog is almost dead.
The spiny frog completely misses you.
You hit the spiny frog. Your kick misses the spiny frog.
The spiny frog is almost dead.
The spiny frog stings you!
* * * LOW HITPOINT WARNING * * *
You are lethally poisoned!
The spiny frog poisons you!
Drink which item? (? for menu, Esc to quit)
You feel better. The spiny frog stings you!
You die...

** ,** ,,* ,,* ,,* ,,** *** *#
,,,*** *,**####################.
,*,,,****..P#.P..#..#.#..........
*,*,,,,,,.......@................
***,,,>,,.......F...........†.†.#
***,,,,,*,##..##.......#P...†..)#
**,,,*****,##*#........###.#.†..#
*,,,*** ****..........#*###.....
,,,,,,** *...........,**#.....
,,,,,,,** **,..........,**P.....
,,,,,,,,** *,*,.........**##.....
,,,,,,,,,******,,,,,,,,,,**......


You could see a spiny frog.

Vanquished Creatures
  An orc knight (D:7)
  An orc sorcerer (D:7)
  A sixfirhy (D:7)
  2 spiny frogs (Lair:1)
  A fire drake (D:8)
  The ghost of lagrange the Chopper, an average CeGl (D:4)
  A wyvern (D:8)
  13 yaks
  14 wargs (D:7)
  Edmund (D:4)
  3 water moccasins
  4 porcupines (Lair:1)
  2 ice beasts
  3 sky beasts
  2 phantoms
  4 ogres
  7 orc warriors
  3 crocodiles
  3 centaurs
  3 big kobolds
  4 giant frogs
  3 scorpions
  2 water moccasin skeletons
  8 wights
  6 crimson imps
  3 jellies
  A centaur zombie (D:5)
  A quasit (D:7)
  A giant frog zombie (D:8)
  3 orc priests
  2 giant frog skeletons
  2 goliath beetles
  A gnoll shaman (D:6)
  6 iguanas
  4 orc wizards
  3 hounds
  3 worker ants
  A mummy (D:9)
  16 adders
  12 gnolls
  A shadow imp (D:5)
  An orc skeleton (D:7)
  A giant mite (D:6)
  25 river rats
  A worm (D:2)
  An adder skeleton (D:5)
  2 oozes
  A giant gecko (D:6)
  57 orcs
  11 bats
  A bat zombie (D:5)
  5 giant cockroaches
  14 goblins
  21 hobgoblins
  6 jackals
  27 kobolds
  7 quokkas
  A ball python (D:3)
  A giant gecko skeleton (D:6)
  4 giant newts
  A giant spore (D:7)
  A jackal skeleton (D:6)
  3 orc zombies (D:7)
  A quokka skeleton (D:7)
  15 rats
  3 ballistomycetes (D:7)
  A plant (D:7)
365 creatures vanquished.

Vanquished Creatures (others)
  3 fungi (D:7)
3 creatures vanquished.

Grand Total: 368 creatures vanquished

Notes
Turn   | Place    | Note
--------------------------------------------------------------
     0 | D:1      | oshikia, the Demonspawn Monk, began the quest for the Orb.
     0 | D:1      | Reached XP level 1. HP: 18/18 MP: 1/1
   205 | D:1      | Reached skill level 4 in Unarmed Combat
   209 | D:1      | Gained mutation: You are partially covered in rough black scales (AC +4, Dex -1). [demonic ancestry]
   209 | D:1      | Reached XP level 2. HP: 24/24 MP: 2/2
   975 | D:2      | Gained mutation: You are slightly more attuned to the shadows. [demonic ancestry]
   975 | D:2      | Reached XP level 3. HP: 29/29 MP: 3/3
  1079 | D:2      | Reached skill level 5 in Unarmed Combat
  1083 | D:2      | Gained mutation: You are mostly covered in rough black scales (AC +7, Dex -2). [demonic ancestry]
  1083 | D:2      | Reached XP level 4. HP: 8/35 MP: 4/4
  2056 | D:3      | Found a sparkling altar of Nemelex Xobeh.
  2088 | D:3      | Noticed a giant frog
  2098 | D:3      | Killed a giant frog
  2098 | D:3      | Reached skill level 6 in Unarmed Combat
  2098 | D:3      | Reached XP level 5. HP: 36/41 MP: 5/5
  2099 | D:3      | Found an ancient bone altar of Kikubaaqudgha.
  2679 | D:4      | Noticed a phantom
  2714 | D:4      | Killed a phantom
  2714 | D:4      | Gained mutation: You are completely covered in rough black scales (AC +10, Dex -3). [demonic ancestry]
  2714 | D:4      | Reached XP level 6. HP: 43/47 MP: 6/6
  2724 | D:4      | Noticed Edmund
  2734 | D:4      | Killed Edmund
  2734 | D:4      | Reached skill level 7 in Unarmed Combat
  3057 | D:4      | Noticed lagrange's ghost (average CeGl)
  3083 | D:4      | Killed lagrange's ghost
  3083 | D:4      | Reached skill level 8 in Unarmed Combat
  3083 | D:4      | Reached XP level 7. HP: 17/52 MP: 7/7
  3493 | D:4      | Noticed an ogre
  3502 | D:4      | Killed an ogre
  3950 | D:5      | Entered Level 5 of the Dungeon
  4045 | D:5      | Found a white marble altar of Elyvilon.
  4137 | D:5      | Reached skill level 9 in Unarmed Combat
  4323 | D:5      | Found a staircase to the Ecumenical Temple.
  4343 | Temple   | Entered the Ecumenical Temple
  4382 | Temple   | Became a worshipper of Cheibriados the Contemplative
  4494 | D:5      | Reached XP level 8. HP: 58/58 MP: 8/8
  4527 | D:5      | HP: 1/58 [centaur/arrow of flame (3)]
  4845 | D:5      | Reached skill level 10 in Unarmed Combat
  5275 | D:6      | Found an iron altar of Okawaru.
  5296 | D:6      | Reached skill level 1 in Invocations
  5496 | D:6      | Acquired Cheibriados' first power
  5818 | D:6      | Found a bloodstained altar of Trog.
  5868 | D:6      | Acquired Cheibriados' second power
  6186 | D:7      | Gained mutation: Your flesh is heat resistant. [demonic ancestry]
  6186 | D:7      | Reached XP level 9. HP: 65/65 MP: 15/15
  6413 | D:7      | Found a blossoming altar of Fedhas.
  6414 | D:7      | Found a stormy altar of Qazlal.
  6495 | D:7      | Reached skill level 5 in Invocations
  6737 | D:7      | Gained mutation: You have large cloven feet. [mutagenic meat]
  6738 | D:7      | Gained mutation: Your body is slowly deteriorating. [mutagenic meat]
  6903 | D:7      | Found a glowing silver altar of Zin.
  6903 | D:7      | Found a shadowy altar of Dithmenos.
  7101 | D:7      | Acquired Cheibriados' third power
  7151 | D:7      | Reached skill level 5 in Fighting
  7358 | D:7      | Reached skill level 5 in Dodging
  7358 | D:7      | Reached XP level 10. HP: 25/74 MP: 21/21
  7902 | D:7      | Noticed an orc sorcerer
  7903 | D:7      | Noticed a sixfirhy
  7910 | D:7      | Killed a sixfirhy
  7912 | D:7      | Killed an orc sorcerer
  8197 | D:7      | Reached skill level 11 in Unarmed Combat
  8529 | D:7      | Learned a level 6 spell: Hydra Form
  8587 | D:7      | Noticed a hill giant
  8599 | D:7      | Noticed an orc knight
  8709 | D:7      | Killed an orc knight
  8709 | D:7      | Reached skill level 1 in Spellcasting
  9665 | D:8      | Found Pnin's Antique Weapon Shoppe.
  9841 | D:8      | Found a staircase to the Lair.
  9891 | D:8      | Found an opulent altar of Gozag.
 10405 | D:9      | Found Curiaka's Weapon Shop.
 10528 | D:9      | Reached skill level 5 in Transmutations
 10771 | D:9      | Reached XP level 11. HP: 71/81 MP: 21/24
 11403 | Lair:1   | Entered Level 1 of the Lair of Beasts
 12537 | Lair:2   | HP: 1/81 [spiny frog (13)]
 12538 | Lair:2   | Slain by a spiny frog

Action                   |  1- 3 |  4- 6 |  7- 9 | 10-12 || total
-------------------------+-------+-------+-------+-------++-------
Melee: Dagger            |    77 |   174 |   152 |       ||   403
       Unarmed           |    11 |       |   280 |   554 ||   845
Invok: Slouch            |       |       |     1 |     3 ||     4
       Step From Time    |       |       |       |     1 ||     1
       Bend Time         |       |       |       |     1 ||     1
Evoke: Wand              |       |       |     2 |       ||     2
  Use: Scroll            |     6 |     1 |       |    13 ||    20
       Potion            |       |       |     4 |     5 ||     9
 Stab: Sleeping          |     3 |     7 |    12 |    14 ||    36
       Distracted        |       |       |       |     4 ||     4
  Eat: Chunk             |       |     5 |    14 |    11 ||    30
       Fruit             |       |       |     2 |       ||     2
